 Dungeon Crawl Stone Soup version 0.23.0 (webtiles) character file.

Game seed: 17328677462994175134

26870 LostNumber the Grappler (level 13, 0/115 HPs)
             Began as a Yellow Draconian Transmuter on Feb 11, 2019.
             Was an Elder of Wu Jian.
             Slain by a death yak (18 damage)
             ... on level 5 of the Lair of Beasts.
             The game lasted 00:37:18 (20332 turns).

LostNumber the Grappler (DrTm)                     Turns: 20332, Time: 00:37:19

Health: 0/115      AC:  9    Str: 13    XL:     13   Next: 1%
Magic:  0/24       EV: 15    Int: 18    God:    Wu Jian [****..]
Gold:   481        SH:  0    Dex: 12    Spells: 11/26 levels left

rFire    . . .     SeeInvis .     - Unarmed
rCold    + . .     Gourm    .   (no shield)
rNeg     . . .     Faith    .   (armour unavailable)
rPois    .         Spirit   +   (helmet restricted)
rElec    .         Reflect  .   E - scarf {Spirit}
rCorr    .         Harm     .   (no gloves)
MR       .....                  k - +0 pair of boots
Stlth    +.........             (no amulet)
HPRegen  0.29/turn              o - ring of protection from cold
MPRegen  0.19/turn              (no ring)

@: exhausted, short of breath
A: spit acid, unfitting armour, cold-blooded, AC +8
a: Breathe Acid, Wall Jump, Serpent's Lash, Renounce Religion


You were on level 5 of the Lair of Beasts.
You worshipped Wu Jian.
Wu Jian was greatly pleased with you.
You were not hungry.

You visited 3 branches of the dungeon, and saw 17 of its levels.

You collected 733 gold pieces.
You spent 252 gold pieces at shops.

Inventory:

Hand Weapons
 K - the cursed +1 dagger "Syhuikog" {freeze, +Rage MP+9 Int-4 Stlth+, unknown}
   (You found it on level 3 of the Lair of Beasts)

   It has been specially enchanted to freeze those struck by it, causing extra
   injury to most foes and up to half again as much damage against particularly
   susceptible opponents.
   It can also slow down cold-blooded creatures.
   It affects your intelligence (-4).
   It affects your magic capacity (+9).
   It lets you go berserk.
   It makes you more stealthy.
   It has a curse placed upon it.
Missiles
 a - 216 arrows
 l - a throwing net (quivered) {!f}
Armour
 k - a +0 pair of boots (worn)
   (You found it on level 8 of the Dungeon)
 E - a scarf of spirit shield (worn)
   (You found it on level 10 of the Dungeon)
Jewellery
 o - a ring of protection from cold (left hand)
   (You found it on level 3 of the Dungeon)
 G - an uncursed ring of poison resistance {unknown}
   (You found it on level 3 of the Lair of Beasts)
Wands
 c - a wand of disintegration (13)
   (You found it on level 4 of the Dungeon)
 d - a wand of iceblast (9)
   (You found it on level 1 of the Lair of Beasts)
 u - a wand of paralysis (10)
   (You found it on level 4 of the Lair of Beasts)
 v - a wand of digging (2)
   (You found it on level 8 of the Dungeon)
 x - a wand of acid (9)
   (You found it on level 10 of the Dungeon)
 y - a wand of polymorph (10)
   (You found it on level 8 of the Dungeon)
Scrolls
 f - 4 scrolls of enchant armour
 m - 3 scrolls of enchant weapon
 n - 6 scrolls of fog
 q - 4 scrolls of amnesia
 B - 3 scrolls of remove curse {@r2}
 I - 5 scrolls of teleportation {@r4}
Potions
 b - 4 potions of curing {@q1}
 g - 2 potions of cancellation
 h - 4 potions of agility
 i - 4 potions of heal wounds {@q2}
 p - 6 potions of degeneration {!q}
 r - a potion of flight {unknown}
 s - 4 potions of might
 t - 2 potions of mutation {!q}
 w - 3 potions of lignification {!q}
 z - 3 potions of magic
 A - a potion of haste {@q3}
 C - a potion of berserk rage {unknown}
 H - a potion of brilliance {unknown}
 J - a potion of resistance {unknown}
Comestibles
 e - 16 rations {!d}


   Skills:
 + Level 10.8 Fighting
 - Level 6.2 Dodging
 * Level 13.8 Unarmed Combat
 + Level 7.3 Spellcasting
 + Level 9.9 Transmutations
 - Level 3.0 Ice Magic


You had 11 spell levels left.
You knew the following spells:

 Your Spells              Type           Power        Failure   Level  Hunger
a - Beastly Appendage     Tmut           #####.       1%          1    None
b - Blade Hands           Tmut           #####.....   4%          5    #####..
c - Ice Form              Ice/Tmut       ####....     8%          4    ###....
s - Sticks to Snakes      Tmut           #####...     1%          2    None
x - Spider Form           Tmut/Pois      ###.......   4%          3    #......

Your spell library contained the following spells:

 Spells                   Type           Power        Failure   Level  Hunger
 Ensorcelled Hibernation  Hex/Ice        ##....       9%          2    None
 Animate Skeleton         Necr           N/A          11%         1    None
 Corona                   Hex            #......      11%         1    None
 Pain                     Necr           #...         11%         1    None
 Sting                    Conj/Pois      #...         11%         1    None
 Petrify                  Tmut/Erth      ###.....     14%         4    ###....
 Confuse                  Hex            #.......     30%         3    #......
 Dazzling Spray           Conj/Hex       #.....       30%         3    #......
 Mephitic Cloud           Conj/Pois/Air  #.......     30%         3    #......
 Regeneration             Chrm/Necr      #.........   30%         3    #......
 Tukima's Dance           Hex            #.......     30%         3    #......
 Vampiric Draining        Necr           #.........   30%         3    #......
 Animate Dead             Necr           N/A          71%         4    ###....
 Statue Form              Tmut/Erth      ###......    91%         6    ######.


Dungeon Overview and Level Annotations

Branches:
Dungeon (10/15)            Temple (1/1) D:7            Lair (6/6) D:10
  Swamp (0/4) Lair:3        Snake (0/4) Lair:4        Slime (0/5) Lair:5
    Orc: D:9-12

Altars:
Cheibriados
Dithmenos
Elyvilon
Fedhas
Gozag
Hepliaklqana
Makhleb
Nemelex Xobeh
Okawaru
Qazlal
Ru
Sif Muna
Trog
Uskayaw
Vehumet
Wu Jian
Xom
Yredelemnul
Zin
The Shining One
Jiyva

Shops:
D:4 (   D:6 }!!   D:8 [

Annotations:
D:5 2 transporters
Lair:2 exclusion: oklob plant
Lair:3 3 runed translucent doors, Froggeryz's ghost, journeyman MiFi
Lair:4 1 runed translucent door


Innate Abilities, Weirdness & Mutations

You can spit globs of acid.
Your golden yellow scales are hard. (AC +8)
You cannot fit into any form of body armour.
You are cold-blooded and may be slowed by cold attacks.


Message History

You kill the death yak!
The Council accepts your kill.
You have reached level 13!
You have got your breath back.
There is a stone staircase leading up here.
The death yak gores you!!
* * * LOW HITPOINT WARNING * * *
You climb upwards.
There is a stone staircase leading down here.
Unknown command.
Unknown command.
Aim: a death yak You spit a glob of acid.
The glob of acid hits the death yak!
The death yak is splashed with acid!
The death yak is splashed with acid.
You feel somewhat more hungry. The death yak completely misses you.
Unknown command.
Your transformation is almost over.
The death yak gores you!!
* * * LOW HITPOINT WARNING * * *
Unknown command.
You have got your breath back.
Aim: a death yak (moderately wounded)
You spit a glob of acid.
The glob of acid hits the death yak!
The death yak is splashed with acid!
The death yak is splashed with acid.
The acid corrodes the death yak!
The acid splashes onto the plant!
The plant is splashed with acid.
The acid corrodes the plant!
You are starving!
The death yak gores you.
* * * LOW HITPOINT WARNING * * *
You eat one of the 17 rations {!d}.
That ration really hit the spot!
The death yak gores you!
* * * LOW HITPOINT WARNING * * *
Okay, then.
Unknown command.
Your hands revert to their normal proportions.
There is nothing to wall jump against here.
Unknown command.
Unknown command.
There is nothing to wall jump against here.
Unknown command.
The death yak is no longer covered in acid.
Your muscles tense, ready for explosive movement...
You spin and attack the death yak, with incredible momentum.
You hit the death yak.
You spin and attack the death yak, with incredible momentum.
You hit the death yak.
Your supernatural speed expires.
You hit the death yak but do no damage.
You tail-slap the death yak, but do no damage.
Your punch misses the death yak. The death yak gores you!!
You die...

...##....#.##
...#......##
.###.....#.# ####
..###....#####..##
.####...#..##P.#.#
.###..P...[....°.#
..###...#..#....☼#
..##....######.○Y#
..##...### #..@#
....#..#.## #..##
........#.# #P.#
...P#.#..## ##.#
..........# #..###
....P....## #..#.#
........## ##..##
._>...P.# #..P##
........# #....#


You could see a death yak (pinned).

Vanquished Creatures
  8 death yaks
  2 black mambas
  7 spiny frogs
  A torpor snail (Lair:5)
  4 komodo dragons
  2 hornets (D:10)
  Prince Ribbit (D:7)
  6 blink frogs
  8 dream sheep
  4 hippogriffs
  Sigmund (D:2)
  17 yaks
  5 basilisks
  A steam dragon (D:10)
  A hungry ghost (D:9)
  Menkaure (D:7)
  13 water moccasins
  2 nagas (Lair:4)
  8 porcupines
  An orc warrior (D:6)
  A hornet zombie (D:9)
  Duvessa (D:7)
  An eye of draining (D:8)
  A sky beast (D:10)
  4 ice beasts
  2 black bears
  7 centaurs
  2 necrophages (D:10)
  9 ogres
  9 wolves
  9 crocodiles
  8 bullfrogs
  4 scorpions
  13 wights
  2 howler monkeys
  An electric eel (Lair:3)
  A crimson imp (D:8)
  A bullfrog zombie (D:9)
  2 centaur zombies
  A jelly (D:10)
  A gnoll shaman (D:8)
  9 orc wizards
  5 orc priests
  A centaur skeleton (D:8)
  5 hounds
  3 bullfrog skeletons
  Terence (D:2)
  4 iguanas
  3 worker ants
  2 hound zombies
  A hound skeleton (D:9)
  2 howler monkey skeletons
  3 gnolls (D:8)
  14 adders
  2 shadow imps (D:9)
  An ooze (D:6)
  An adder skeleton (D:6)
  A worm (D:5)
  A dart slug (D:2)
  2 leopard geckos
  23 orcs
  3 bats
  7 giant cockroaches
  9 hobgoblins
  8 jackals
  6 kobolds
  5 quokkas
  4 frilled lizards
  4 goblins
  A jackal skeleton (D:8)
  A quokka skeleton (D:7)
  7 rats
312 creatures vanquished.

Vanquished Creatures (collateral kills)
  A two-headed ogre (D:8)
  A troll (D:10)
  A blink frog (Lair:5)
  2 basilisks (D:10)
  2 hungry ghosts
  A porcupine (D:10)
  A phantom (D:9)
  2 black bears (D:10)
  A crocodile (D:10)
  A big kobold (D:10)
  Dowan (D:7)
  A wyvern skeleton (D:5)
  2 wights
  2 jellies
  A worker ant (D:5)
  An adder (D:4)
  An orc (D:4)
  A quokka (D:7)
23 creatures vanquished.

Vanquished Creatures (others)
  A fungus (D:10)
  12 plants
13 creatures vanquished.

Grand Total: 348 creatures vanquished

Notes
Turn   | Place    | Note
-------+----------+-------------------------------------------
     0 | D:1      | LostNumber the Draconian Transmuter began the quest for the
                  | Orb.
     0 | D:1      | Reached XP level 1. HP: 16/16 MP: 3/3
   630 | D:1      | Reached XP level 2. HP: 23/23 MP: 5/5
   738 | D:1      | Learned a level 2 spell: Sticks to Snakes
   946 | D:2      | Noticed Terence
  1099 | D:2      | Noticed Sigmund
  1527 | D:3      | Reached XP level 3. HP: 28/29 MP: 6/6
  1768 | D:3      | Reached skill level 4 in Unarmed Combat
  2028 | D:4      | Noticed an ogre
  2043 | D:4      | Reached XP level 4. HP: 33/36 MP: 1/7
  2279 | D:4      | Noticed an ogre
  2287 | D:4      | Killed an ogre
  2287 | D:4      | Reached XP level 5. HP: 29/44 MP: 0/8
  2353 | D:4      | Noticed an ogre
  2556 | D:3      | Learned a level 3 spell: Spider Form
  2609 | D:4      | Noticed an ogre
  2622 | D:4      | Killed an ogre
  2622 | D:4      | Reached skill level 5 in Unarmed Combat
  2826 | D:4      | Reached XP level 6. HP: 43/51 MP: 5/9
  3165 | D:4      | Found Finirpho's Weapon Boutique.
  3926 | D:5      | Entered Level 5 of the Dungeon
  3952 | D:4      | Your scales start taking on a golden yellow colour.
  3952 | D:4      | Reached XP level 7. HP: 31/58 MP: 6/10
  4454 | D:2      | Found a glowing golden altar of the Shining One.
  4464 | D:2      | Found a hide-covered altar of Uskayaw.
  4467 | D:2      | Found a white marble altar of Elyvilon.
  4713 | D:2      | Killed Terence
  4878 | D:2      | Killed Sigmund
  4878 | D:2      | Reached skill level 6 in Unarmed Combat
  5285 | D:5      | Learned a level 4 spell: Ice Form
  5571 | D:5      | Reached XP level 8. HP: 41/67 MP: 7/12
  5660 | D:5      | Reached skill level 1 in Ice Magic
  5743 | D:5      | Found a transporter.
  5744 | D:5      | Found a transporter.
  5879 | D:5      | Identified the cursed -2 shield "Fazimo" {Dex+8}
  6194 | D:6      | Reached skill level 7 in Unarmed Combat
  6398 | D:5      | Reached skill level 5 in Fighting
  7403 | D:6      | Found Lueryph Ypos's Distillery.
  7421 | D:6      | Reached XP level 9. HP: 56/74 MP: 8/15
  7487 | D:6      | Bought a potion of haste for 110 gold pieces
  7487 | D:6      | Bought a potion of curing for 33 gold pieces
  7487 | D:6      | Bought a potion of might for 44 gold pieces
  7513 | D:6      | Learned a level 5 spell: Blade Hands
  7518 | D:6      | Found Doogaff's Gadget Emporium.
  7883 | D:6      | Found Eleoham's Distillery.
  7891 | D:6      | Bought a potion of heal wounds for 65 gold pieces
  8228 | D:6      | Reached skill level 8 in Unarmed Combat
  8290 | D:7      | Reached skill level 5 in Dodging
  8364 | D:7      | Reached skill level 5 in Transmutations
  8533 | D:7      | Noticed Menkaure
  8548 | D:7      | Killed Menkaure
  8642 | D:7      | Noticed Duvessa
  8651 | D:7      | Noticed Dowan
  8666 | D:7      | Killed Duvessa
  8677 | D:7      | Killed Dowan
  8930 | D:7      | Noticed Prince Ribbit
  8942 | D:7      | Killed Prince Ribbit
  8942 | D:7      | Reached skill level 5 in Spellcasting
  9041 | D:7      | Found a staircase to the Ecumenical Temple.
  9231 | Temple   | Entered the Ecumenical Temple
  9371 | Temple   | Became a worshipper of the Wu Jian Council
  9489 | D:8      | Identified Sif Muna's Compendium of Changing and Poisoning
  9689 | D:8      | Reached skill level 9 in Unarmed Combat
 10010 | D:8      | Reached XP level 10. HP: 81/84 MP: 17/17
 10228 | D:8      | Found Zocvefeg's Antique Armour Shoppe.
 10283 | D:8      | Found a sparkling altar of Nemelex Xobeh.
 10311 | D:8      | Reached * piety under Wu Jian
 10644 | D:8      | Found a sacrificial altar of Ru.
 10647 | D:8      | Found a deep blue altar of Sif Muna.
 10647 | D:8      | Found a shadowy altar of Dithmenos.
 10683 | D:8      | Noticed a two-headed ogre
 11140 | D:8      | Killed a two-headed ogre
 11767 | D:9      | Reached skill level 10 in Unarmed Combat
 12381 | D:10     | Entered Level 10 of the Dungeon
 12628 | D:10     | Reached XP level 11. HP: 66/94 MP: 16/18
 12636 | D:10     | Found a staircase to the Lair.
 13020 | D:10     | Reached skill level 11 in Unarmed Combat
 13063 | D:10     | Reached ** piety under Wu Jian
 13214 | D:10     | Paralysed by a hornet for 2 turns
 13926 | Lair:1   | Entered Level 1 of the Lair of Beasts
 15133 | Lair:2   | Noticed an oklob plant
 16049 | Lair:3   | Found a staircase to the Swamp.
 16057 | Lair:3   | Reached skill level 12 in Unarmed Combat
 16528 | Lair:3   | Got a scorched dagger
 16577 | Lair:3   | Found a runed translucent gate.
 16577 | Lair:3   | Found a runed translucent gate.
 16578 | Lair:3   | Found a runed translucent gate.
 16579 | Lair:3   | Noticed a 13-headed hydra
 16579 | Lair:3   | Noticed a 12-headed hydra
 16580 | Lair:3   | Noticed Froggeryz's ghost (journeyman MiFi)
 17138 | Lair:4   | You fall through a shaft!
 17631 | Lair:5   | Reached *** piety under Wu Jian
 17642 | Lair:5   | Reached XP level 12. HP: 105/105 MP: 20/20
 17719 | Lair:5   | Found a staircase to the Slime Pits.
 17719 | Lair:5   | Found a viscous altar of Jiyva.
 18022 | Lair:4   | Found an opulent altar of Gozag.
 18090 | Lair:4   | Found a staircase to the Snake Pit.
 18463 | Lair:4   | Reached skill level 10 in Fighting
 18466 | Lair:4   | Reached skill level 13 in Unarmed Combat
 18522 | Lair:4   | Noticed a death yak
 18540 | Lair:4   | Killed a death yak
 18543 | Lair:4   | Noticed a death yak
 18916 | Lair:4   | Noticed a death yak
 18923 | Lair:4   | Noticed a death yak
 18926 | Lair:4   | Killed a death yak
 18932 | Lair:4   | Killed a death yak
 18942 | Lair:4   | Killed a death yak
 19345 | Lair:4   | Found a runed translucent door.
 19513 | Lair:4   | Noticed a four-headed hydra
 19845 | Lair:6   | Entered Level 6 of the Lair of Beasts
 19845 | Lair:6   | Noticed a death yak
 19845 | Lair:6   | Noticed a death yak
 19845 | Lair:6   | Noticed a death yak
 19845 | Lair:6   | Noticed a death yak
 19845 | Lair:6   | Noticed a death yak
 19853 | Lair:5   | Killed a death yak
 19927 | Lair:6   | Reached **** piety under Wu Jian
 19939 | Lair:6   | Noticed a seven-headed hydra
 19949 | Lair:5   | Killed a death yak
 20211 | Lair:5   | Killed a death yak
 20307 | Lair:6   | Killed a death yak
 20307 | Lair:6   | Reached XP level 13. HP: 58/115 MP: 10/24
 20332 | Lair:5   | Slain by a death yak

Skill      XL: |  1  2  3  4  5  6  7  8  9 10 11 12 |
---------------+-------------------------------------+-----
Dodging        | 2 3 4 5 6 |  6.2
Fighting       | 2 3 4 5 6 8 9 10 | 10.8
Unarmed Combat | 4 5 6 7 9 10 12 13 | 13.8
Transmutations | 3 4 5 7 8 9 |  9.9
Spellcasting   | 3 4 5 7 |  7.3
Ice Magic      | 2 3 |  3.0

Action                   |  1- 3 |  4- 6 |  7- 9 | 10-12 | 13-15 || total
-------------------------+-------+-------+-------+-------+-------++-------
Melee: Unarmed           |   115 |   118 |   437 |   644 |     3 ||  1317
       Tailslap          |    10 |     8 |    39 |    55 |     1 ||   113
       Headbutt          |     3 |     3 |    11 |    34 |       ||    51
       Kick              |     5 |     1 |    13 |       |       ||    19
       Punch             |     2 |       |     9 |    16 |       ||    27
 Cast: Beastly Appendage |    11 |    10 |    28 |    30 |       ||    79
       Sticks to Snakes  |     3 |    17 |    35 |    27 |       ||    82
       Spider Form       |       |     4 |    15 |    13 |       ||    32
       Ice Form          |       |       |       |    20 |       ||    20
       Blade Hands       |       |       |       |     8 |       ||     8
Invok: Lunge             |       |       |     4 |    39 |       ||    43
       Whirlwind         |       |       |       |    16 |     2 ||    18
       Serpent's Lash    |       |       |       |       |     1 ||     1
 Abil: Breathe Acid      |       |       |    20 |    25 |     2 ||    47
       End Transformatio |       |       |       |     1 |       ||     1
       Wall Jump         |       |       |       |       |     2 ||     2
  Use: Scroll            |       |     1 |     6 |    10 |       ||    17
 Stab: Sleeping          |     2 |     1 |     3 |     2 |       ||     8
       Distracted        |       |     2 |     2 |     3 |       ||     7
  Eat: Chunk             |     4 |     8 |    22 |    29 |       ||    63
       Ration            |       |       |     2 |     5 |     1 ||     8
Armor: Skin              |    25 |    31 |   105 |    84 |       ||   245
Dodge: Dodged            |    60 |    88 |   337 |   402 |     1 ||   888
